 Dungeon Crawl Stone Soup version 0.27.1 (webtiles) character file.

Game seed: 1361573997889151457

14149 hickop the Cleaver (level 11, -3/101 HPs)
             Began as a Minotaur Berserker on Sept 3, 2021.
             Was a High Priest of Trog.
             Slain by a raiju (7 damage)
             ... on level 2 of the Abyss.
             The game lasted 00:57:45 (12807 turns).

hickop the Cleaver (Minotaur Berserker)            Turns: 12807, Time: 00:57:46

Health: -3/101     AC: 22    Str: 22    XL:     11   Next: 84%
Magic:  10/10      EV:  8    Int:  4    God:    Trog [*****.]
Gold:   229        SH:  0    Dex: 13    Spells: 10/10 levels left

rFire    . . .     SeeInvis .   u - +4 spear (freeze)
rCold    . . .     Faith    .   (no shield)
rNeg     . . .     Spirit   .   p - +0 plate armour
rPois    .         Reflect  .   (helmet restricted)
rElec    .         Harm     .   r - +0 cloak
rCorr    .         Rampage  .   (no gloves)
Will     .....                  n - +0 pair of boots
Stlth    ..........             (no amulet)
HPRegen  0.26/turn              k - +4 ring of protection
MPRegen  0.12/turn              x - ring of flight

@: on berserk cooldown, flying, slowed, very slow
A: horns 2, retaliatory headbutt
a: Renounce Religion, Berserk, Trog's Hand, Brothers in Arms


You were on level 2 of the Abyss.
You worshipped Trog.
Trog was extremely pleased with you.
You visited 1 branch of the dungeon, and saw 12 of its levels.
You visited the Abyss 1 time.
You visited 1 bazaar.

You collected 639 gold pieces.
You spent 410 gold pieces at shops.

Inventory:

Hand Weapons
 f - a +0 war axe of holy wrath
 u - a +4 spear of freezing (weapon)
Missiles
 b - a throwing net (quivered)
Armour
 n - a +0 pair of boots (worn)
 p - a +0 plate armour (worn)
 r - a +0 cloak (worn)
Jewellery
 k - a +4 ring of protection (left hand)
 x - a ring of flight (right hand)
Wands
 g - a wand of flame (34)
 j - a wand of polymorph (13)
 v - a wand of digging (5)
 w - a wand of mindburst (21)
Scrolls
 a - 2 scrolls of blinking
 c - 8 scrolls of teleportation
 d - 4 scrolls of brand weapon
 i - 2 scrolls of fear
 t - 2 scrolls of noise
 B - a scroll of enchant weapon
Potions
 e - 3 potions of curing
 h - 2 potions of ambrosia
 m - 2 potions of lignification
 o - a potion of invisibility
 q - 2 potions of berserk rage
 s - 3 potions of might
 z - 3 potions of cancellation
 A - a potion of attraction


   Skills:
 + Level 10.4 Fighting
 * Level 14.1(14.9) Axes
 - Level 8.7(12.4) Polearms
 + Level 12.1 Armour
 - Level 3.2 Dodging
 - Level 1.2 Stealth
 + Level 0.2 Evocations


You had 10 spell levels left.
You didn't know any spells.
Your spell library was empty.

Dungeon Overview and Level Annotations

Branches:
Dungeon (12/15)            Temple (0/1) D:5            Lair (0/6) D:9
    Orc (0/2) D:11

Altars:
Ashenzari
Qazlal
Beogh

Shops:
D:3 (   D:5 =   D:10 ?

Annotations:
D:12 Sonja


Innate Abilities, Weirdness & Mutations

You have a pair of horns on your head.
You reflexively headbutt those who attack you in melee.


Message History

* * * LOW HITPOINT WARNING * * *
The raiju shocks you!
* * * LOW HITPOINT WARNING * * *
You are too berserk!
You feel a strong urge to attack something.
The raiju bursts into living lightning!
The living lightning hits the raiju.
The raiju completely resists.
The living lightning misses you.
The raiju blinks! x2
The raiju bursts into living lightning!
The living lightning hits the raiju.
The raiju completely resists.
The living lightning misses you.
The raiju blinks!
You feel your anger nearly subside.
You are no longer berserk.
You are exhausted.
You feel yourself slow down.
You feel much better.
A raiju comes into view.
The raiju bites you but does no damage.
The raiju bursts into living lightning!
The living lightning misses you.
The raiju blinks!
The raiju bites you but does no damage. The raiju closely misses you.
You furiously retaliate!
You headbutt the raiju, but do no damage.
The raiju bites you but does no damage. x2
The raiju bursts into living lightning!
The living lightning hits you!
* * * LOW HITPOINT WARNING * * *
The raiju blinks!
The raiju bites you.
* * * LOW HITPOINT WARNING * * *
The raiju shocks you!
* * * LOW HITPOINT WARNING * * *
You hear a bark!
You feel better. The raiju bites you!
* * * LOW HITPOINT WARNING * * *
The raiju shocks you!
* * * LOW HITPOINT WARNING * * *
The raiju closely misses you. You furiously retaliate!
You headbutt the raiju. The raiju bites you but does no damage.
The raiju bites you.
* * * LOW HITPOINT WARNING * * *
The raiju shocks you!
You die...

##. #.#.# .#.. # ...
## .#. #.#.#.#
.#.#.##.##.#### # ##
..........#..#.##
##...
#.#..@#....##.§
.h.§.
#..h.h.#....#######.
##.#.#..#§..#
##...##h...#
...#.........
#....##...#.....
......#....#.###...
#.#....#....##. .
#.#### ##.. . .. .


You could see 3 raiju.

Vanquished Creatures
  Kirke (D:12)
  Josephine (D:11)
  A catoblepas (D:8)
  4 two-headed ogres
  Erica (D:11)
  A cyclops (D:11)
  A manticore (D:12)
  Joseph (D:7)
  2 trolls
  5 wraiths (D:11)
  A hog (D:11)
  3 yaks (D:10)
  The ghost of YannSP the Shield-Bearer, an amateur FoFi (D:3)
  A neqoxec (Abyss:2)
  4 steam dragons
  A water moccasin (D:8)
  2 acid dragons
  A sky beast (D:7)
  4 orc warriors
  A necrophage (D:4)
  2 ogres (D:5)
  2 centaurs (D:9)
  A phantom (D:4)
  2 kobold brigands
  A bullfrog (D:7)
  A wyvern zombie (D:6)
  2 scorpions
  2 water moccasin skeletons
  10 killer bees
  4 wights (D:7)
  3 howler monkeys (D:7)
  3 centaur zombies
  2 hounds
  3 bullfrog skeletons
  13 orc priests
  3 jellies
  16 orc wizards
  Ijyb (D:4)
  2 centaur skeletons
  2 iguanas (D:6)
  2 human simulacra (D:9)
  A hound skeleton (D:4)
  A howler monkey zombie (D:7)
  2 gnolls (D:9)
  7 adders
  A shadow imp (D:8)
  2 adder skeletons
  4 dart slugs
  65 orcs
  5 endoplasms
  4 giant cockroaches (D:2)
  15 goblins
  7 hobgoblins
  3 jackals (D:1)
  4 quokkas
  A ball python (D:4)
  2 bats (D:2)
  4 frilled lizards
  11 kobolds
  2 rats (D:3)
255 creatures vanquished.

Vanquished Creatures (others)
  A human (D:12)
  5 fungi (D:2)
  2 plants
8 creatures vanquished.

Grand Total: 263 creatures vanquished

Notes
Turn   | Place    | Note
-------+----------+-------------------------------------------
     0 | D:1      | hickop the Minotaur Berserker began the quest for the Orb.
     0 | D:1      | Reached XP level 1. HP: 19/19 MP: 0/0
   246 | D:1      | Reached XP level 2. HP: 27/27 MP: 1/1
   248 | D:1      | Reached skill level 4 in Axes
   860 | D:2      | Reached XP level 3. HP: 32/33 MP: 2/2
  1589 | D:2      | Reached XP level 4. HP: 41/41 MP: 3/3
  1606 | D:2      | Reached ** piety under Trog
  1608 | D:2      | Found a faded altar of an unknown god.
  2078 | D:3      | Found Utuuk's Weapon Boutique.
  2094 | D:3      | Reached skill level 5 in Axes
  2111 | D:3      | Bought a +0 war axe of holy wrath for 83 gold pieces
  2192 | D:3      | Reached skill level 5 in Fighting
  2192 | D:3      | Reached XP level 5. HP: 25/48 MP: 4/4
  2683 | D:3      | Found a runed translucent gate.
  2689 | D:3      | Found a runed translucent gate.
  2689 | D:3      | Found a runed translucent gate.
  2689 | D:3      | Noticed YannSP's ghost (amateur FoFi)
  2778 | D:3      | Noticed a steam dragon
  2789 | D:3      | Killed a steam dragon
  2790 | D:3      | Reached skill level 6 in Axes
  2790 | D:3      | Reached XP level 6. HP: 47/56 MP: 5/5
  3468 | D:3      | Reached skill level 1 in Stealth
  3472 | D:3      | Killed YannSP's ghost
  3473 | D:3      | Reached skill level 7 in Axes
  3473 | D:3      | Reached XP level 7. HP: 61/61 MP: 6/6
  3588 | D:4      | Noticed Ijyb
  3608 | D:4      | Killed Ijyb
  3917 | D:4      | Reached skill level 8 in Axes
  4016 | D:4      | Reached *** piety under Trog
  4425 | D:5      | Entered Level 5 of the Dungeon
  4425 | D:5      | Found a staircase to the Ecumenical Temple.
  4430 | D:5      | Reached skill level 5 in Armour
  4485 | D:5      | Found Gulu's Jewellery Emporium.
  4585 | D:5      | Reached XP level 8. HP: 70/70 MP: 7/7
  4743 | D:5      | Reached skill level 9 in Axes
  5701 | D:6      | Reached skill level 10 in Axes
  6289 | D:7      | Noticed Joseph
  6301 | D:7      | Killed Joseph
  6302 | D:7      | Reached skill level 11 in Axes
  6360 | D:6      | Reached XP level 9. HP: 50/78 MP: 8/8
  6731 | D:7      | Noticed a two-headed ogre
  6741 | D:7      | Killed a two-headed ogre
  6742 | D:7      | Reached skill level 12 in Axes
  6974 | D:7      | Reached **** piety under Trog
  7342 | D:7      | Reached skill level 13 in Axes
  7397 | D:7      | Found a stormy altar of Qazlal.
  7645 | D:8      | Reached skill level 1 in Polearms
  7756 | D:7      | Reached XP level 10. HP: 64/88 MP: 9/9
  8156 | D:8      | Noticed a catoblepas
  8175 | D:8      | Killed a catoblepas
  8866 | D:9      | Reached skill level 5 in Polearms
  8992 | D:9      | Noticed a two-headed ogre
  9006 | D:9      | Killed a two-headed ogre
  9313 | D:9      | Found a staircase to the Lair.
 10022 | D:10     | Entered Level 10 of the Dungeon
 10965 | D:10     | Found Qide's Magic Scroll Emporium.
 10970 | D:10     | Bought a scroll of identify for 20 gold pieces
 10970 | D:10     | Bought a scroll of teleportation for 30 gold pieces
 10970 | D:10     | Bought a scroll of teleportation for 30 gold pieces
 10970 | D:10     | Bought a scroll of identify for 20 gold pieces
 10970 | D:10     | Bought a scroll of enchant weapon for 75 gold pieces
 11161 | D:11     | Noticed Erica
 11177 | D:11     | Killed Erica
 11178 | D:11     | Reached XP level 11. HP: 95/95 MP: 10/10
 11306 | D:11     | Found a flickering gateway to a bazaar.
 11423 | D:11     | Reached skill level 10 in Armour
 11521 | D:11     | Noticed Josephine
 11534 | D:11     | Killed Josephine
 11558 | D:11     | Reached ***** piety under Trog
 11794 | D:11     | Noticed a two-headed ogre
 11801 | D:11     | Killed a two-headed ogre
 11952 | D:11     | Found a staircase to the Orcish Mines.
 12279 | D:12     | Noticed Kirke
 12336 | Bazaar   | Entered a bazaar
 12343 | Bazaar   | Found Soeqopnowk's Distillery.
 12351 | Bazaar   | Bought a potion of cancellation for 152 gold pieces
 12370 | Bazaar   | Found Acvuag's Armour Shop.
 12384 | Bazaar   | Found Boupp's Assorted Antiques.
 12398 | Bazaar   | Found Eserph's Distillery.
 12430 | Bazaar   | Found Hohao's Book Shop.
 12476 | D:12     | Found a broken altar of Ashenzari.
 12680 | D:12     | Killed Kirke
 12681 | D:12     | Reached skill level 10 in Fighting
 12681 | D:12     | Reached skill level 14 in Axes
 12710 | D:12     | Noticed a two-headed ogre
 12715 | D:12     | Killed a two-headed ogre
 12738 | D:12     | Noticed Sonja
 12762 | D:12     | Cast into level 2 of the Abyss (Sonja)
 12807 | Abyss:2  | HP: 4/101 [raiju (2)]
 12807 | Abyss:2  | Slain by a raiju

Illustrated notes

Levels and vault maps discovered:
D:1:      wander_arrival_estate, layout_rooms
D:2:      layout_loops_cross, dreamdust_ecumenical_altar_hidden_monk_grotto
D:3:      layout_basic, gammafunk_ghost_necromancy, serial_shops, shop,
          minmay_fractal_squares_gapless_5
D:4:      kennysheep_the_goblin_king, layout_loops_cross
D:5:      layout_basic, minmay_temple_entry_grid, serial_shops,
          nicolae_shop_crystal
D:6:      layout_layer_cave
D:7:      layout_cave_pods, grunt_qazlal_clouds, uniq_joseph
D:8:      layout_rooms
D:9:      layout_stronghold, dpeg_oklobed_lair, enter_bailey_7,
          minmay_liquid_box, solitary_fountain, grunt_decor_resistance,
          bh_circular_ruins
D:10:     layout_basic, serial_shops, shop
D:11:     layout_loops_ring, minmay_orc_entry_temple_small, serial_shops,
          bzr_entry_customers, uniq_erica, uniq_josephine
D:12:     layout_loops_ring, evilmike_ruin_ashenzari, uniq_sonja, uniq_kirke
Abyss:2:  base: D:10, hangedman_abyss_batty_box

Skill      XL: |  1  2  3  4  5  6  7  8  9 10 11 |
---------------+----------------------------------+-----
Fighting       | 4 5 6 7 8 10 | 10.4
Axes           | 4 5 6 7 8 11 13 14 | 14.1
Armour         | 3 4 5 6 8 9 12 | 12.1
Dodging        | 3 |  3.2
Stealth        | 1 |  1.2
Polearms       | 1 8 |  8.7
Evocations     | |  0.2

Action                   |  1- 3 |  4- 6 |  7- 9 | 10-12 || total
-------------------------+-------+-------+-------+-------++-------
Melee: Hand axe          |    42 |    31 |       |       ||    73
       Headbutt          |     5 |    16 |    50 |    89 ||   160
       War axe           |       |    40 |   223 |       ||   263
       Spear             |       |       |    22 |   377 ||   399
Invok: Berserk           |       |     4 |     9 |    16 ||    29
Evoke: Wand              |       |       |       |     8 ||     8
  Use: Scroll            |     3 |     2 |     7 |     9 ||    21
       Potion            |       |       |       |     7 ||     7
 Stab: Sleeping          |     1 |       |       |       ||     1
       Petrified         |       |       |       |     1 ||     1
Armor: Chain mail        |       |    14 |    43 |       ||    57
       Animal skin       |       |     5 |       |       ||     5
       Ring mail         |       |     2 |       |       ||     2
       Plate armour      |       |       |   107 |   209 ||   316
Dodge: Dodged            |    38 |    24 |   102 |    99 ||   263
